 Dungeon Crawl Stone Soup version 0.22.0 (webtiles) character file.

20 Gorglomux the Caller (level 2, 0/23 HPs)
             Began as a Demigod Summoner on Aug 11, 2018.
             Killed from afar by Natasha (5 damage)
             ... with a magic dart
             ... on level 1 of the Dungeon.
             The game lasted 00:01:31 (1720 turns).

Gorglomux the Caller (Demigod Summoner)             Turns: 1720, Time: 00:01:32

Health: 0/23       AC:  3    Str:  8 (11) XL:     2   Next: 42%
Magic:  1/7        EV: 12    Int: 16 (19) God:
Gold:   74         SH:  0    Dex: 14 (16) Spells: 2/5 levels left

rFire    . . .     SeeInvis .   g - +0 dagger
rCold    . . .     Gourm    .   (no shield)
rNeg     . . .     Faith    .   a - +0 robe
rPois    .         Spirit   .   (no helmet)
rElec    .         Reflect  .   (no cloak)
rCorr    .         Harm     .   k - +0 pair of gloves
MR       .....                  (no boots)
Stlth    ++........             (no amulet)
HPRegen  0.07/turn              (no ring)
MPRegen  0.10/turn              (no ring)

@: no status effects
A: high mp 1
a: no special abilities


You were on level 1 of the Dungeon.
You were not hungry.

You visited 1 branch of the dungeon, and saw 2 of its levels.

You collected 74 gold pieces.

Inventory:

Hand Weapons
 g - a +0 dagger (weapon)
Armour
 a - a +0 robe (worn)
 k - a +0 pair of gloves (worn)
Scrolls
 d - a scroll of noise {unknown}
 f - 2 scrolls of remove curse {unknown}
 i - a scroll of blinking {unknown}
 j - a scroll of amnesia {unknown}


   Skills:
 + Level 1.1 Fighting
 - Level 1.7 Dodging
 - Level 1.7 Stealth
 + Level 2.1 Spellcasting
 + Level 3.8 Summonings


You had 2 spell levels left.
You knew the following spells:

 Your Spells              Type           Power        Failure   Level  Hunger
a - Summon Small Mammal   Summ           ##..         4%          1    #......
b - Call Imp              Summ           ##......     6%          2    ###....

Your spell library contained the following spells:

 Spells                   Type           Power        Failure   Level  Hunger
 Summon Ice Beast         Ice/Summ       #.......     67%         4    #####..
 Call Canine Familiar     Summ           ##......     13%         3    ###....
 Summon Lightning Spire   Summ/Air       #.......     67%         4    #####..
 Summon Guardian Golem    Hex/Summ       #.......     28%         3    ###....


Dungeon Overview and Level Annotations

Branches:
Dungeon (2/15)

Annotations:
D:1 Natasha


Innate Abilities, Weirdness & Mutations

You have an increased reservoir of magic. (+10% MP)


Message History

Unknown command!
The jackal barely misses your crimson imp!
Butt misses you!
Your crimson butt closely misses the jackal!
Butt's crimson imp blinks!!!
Something barely misses your crimson imp!
Unknown command!
You aren't carrying any potions!
You spit Natasha but do no damage!
Natasha is lightly wounded!
You are starving!!!
Natasha howls an incantation!
Natasha glows brightly for a moment!
Natasha barely misses you!
Unknown command!
You eat the ration!
That ration really hit the spot!!!
The jackal closely misses your crimson imp!
Natasha casts a spell at you! The butt dart hits you!!! rip

#.# #....# #.####.# ##
####.# #....# #.#....#
#. #....# #....#
#.#....# #. .....#
#....######.#....# #.
#....#
#....#....#.#....### #.
#....#
#..h5..............# #.
#....#
##'#§h55...........# ♣.
######
#÷###h##.#.####...#♣♣.
# #######.# #@##.#.#
###..... ######.)....(#
#.##.#.# ###♣♣.
##...#.#########.##.#.#
♣.
##...#..............#.#
##.
##...###########.#..#.#
###..
...........###...#..#.#
#....
.............#.###..#.#
#.... ##...#####.#.#.#
#..#.# #.... #..(#
#.#.#.# #..#.# #....


You could see Natasha, a jackal and 3 friendly crimson imps.

Vanquished Creatures
  2 bats (D:1)
  A hobgoblin (D:1)
  A frilled lizard (D:1)
  3 rats (D:1)
7 creatures vanquished.

Vanquished Creatures (collateral kills)
  An adder (D:1)
  A dart slug (D:1)
  2 giant cockroaches (D:1)
  2 goblins (D:1)
  A hobgoblin (D:1)
  A jackal (D:1)
  A bat (D:1)
  2 frilled lizards (D:1)
  A kobold (D:1)
12 creatures vanquished.

Grand Total: 19 creatures vanquished

Notes
Turn   | Place    | Note
-------+----------+-------------------------------------------
     0 | D:1      | Gorglomux the Demigod Summoner began the quest for the Orb.
     0 | D:1      | Reached XP level 1. HP: 14/14 MP: 5/5
   872 | D:1      | Reached XP level 2. HP: 22/22 MP: 7/7
  1370 | D:2      | Noticed Natasha
  1408 | D:1      | Reached skill level 1 in Fighting
  1459 | D:1      | Learned a level 2 spell: Call Imp
  1720 | D:1      | Killed from afar by Natasha

Skill      XL: |  1  2 |
---------------+-------+-----
Spellcasting   | 2 |  2.1
Fighting       | 1 |  1.1
Dodging        | |  1.7
Stealth        | |  1.7
Summonings     | |  3.8

Action                   || total
-------------------------++-------
Melee: Unarmed           ||    17
       Dagger            ||    20
 Cast: Summon Small Mamm ||    34
       Call Imp          ||     3
  Use: Potion            ||     2
 Stab: Sleeping          ||     1
  Eat: Ration            ||     1
       Chunk             ||     1
Armor: Robe              ||    19
Dodge: Dodged            ||    55
